 Dungeon Crawl Stone Soup version 0.31-a0-1547-g618ab1f346 (webtiles) character file.

Game seed: 3713621417984332872

89 Arcadio the Trooper (level 4, -5/50 HPs)
             Began as an Oni Cinder Acolyte on Jan 2, 2024.
             Was a High Priest of Ignis.
             Slain by a sky beast (6 damage)
             ... on level 3 of the Dungeon.
             The game lasted 00:02:56 (1748 turns).

Arcadio the Trooper (Oni Cinder Acolyte)            Turns: 1748, Time: 00:02:57

Health: -5/50      AC:  5    Str: 20    XL:     4   Next: 55%
Magic:  5/5        EV:  9    Int: 15    God:    Ignis [*****.]
Gold:   115        SH:  0    Dex:  4    Spells: 5/5 levels left

rFire   + . .        a - -1 hand axe (flame)
rCold   . . .        (no shield)
rNeg    + . .        h - +1 robe {rN+}
rPois   .            f - +1 hat
rElec   .            (no cloak)
rCorr   .            (gloves unavailable)
SInv    .            (boots unavailable)
Will    .....        (no amulet)
Stlth   +            (no ring)
HPRegen 0.28/turn    (no ring)
MPRegen 0.09/turn

%: no passive effects
@: no status effects
A: large, unfitting armour, horns 1, tough skin 1, double potion healing,
drunken brawling
a: Renounce Religion, Fiery Armour, Foxfire Swarm, Rising Flame


You were on level 3 of the Dungeon.
You worshipped Ignis.
Ignis was extremely pleased with you.
You visited 1 branch of the dungeon, and saw 3 of its levels.

You collected 115 gold pieces.

Inventory:

Hand Weapons
 a - a -1 hand axe of flaming (weapon)
Armour
 b - a +0 robe
 f - a +1 hat (worn)
 h - a +1 robe of positive energy (worn)
Scrolls
 c - a scroll of fog {unknown}
 g - a scroll of blinking {unknown}
 i - a scroll of teleportation {unknown}
 k - a scroll of identify {unknown}
 l - a scroll of noise {unknown}
Potions
 d - a potion of mutation {unknown}
 e - a potion of lignification {unknown}
 j - a potion of curing
 m - a potion of magic {unknown}


   Skills:
 + Level 5.1 Fighting
 + Level 3.8 Axes
 + Level 1.9 Dodging
 - Level 1.2 Spellcasting
 - Level 2.6 Fire Magic


You had 5 spell levels left.
You didn't know any spells.
Your spell library contained the following spells:

 Spells                   Type           Power      Damage    Failure   Level
 Scorch                   Fire           16%        2d5       12%         2
 Inner Flame              Hex/Fire       4%         N/A       38%         3
 Flame Wave               Conj/Fire      4%         2d5       80%         4
 Sticky Flame             Fire/Alch      4%         2d4       80%         4


Dungeon Overview and Level Annotations

Branches:
Dungeon (3/15) Zot: 16230

Altars:
Qazlal


Innate Abilities, Weirdness & Mutations

You are too large for most types of armour.
You have a pair of small horns on your head.
You have tough skin. (AC +1)
You gain doubled healing and magic from potions.
Whenever you drink a healing potion, you attack all around you.


Message History

Reactivating autopickup.
The sky beast attacks as it pursues you!
The sky beast hits you but does no damage.
You hit the sky beast. You burn the sky beast.
The sky beast is severely wounded.
The bat hits you. The sky beast hits you.
* * * LOW HITPOINT WARNING * * *
The sky beast shocks you.
* * * LOW HITPOINT WARNING * * *
The bat barely misses you.
You take a swig of the potion and twirl your -1 hand axe of flaming.
You hit the sky beast. You burn the sky beast.
The sky beast is severely wounded.
You barely miss the bat.
It was a potion of curing.
You savour every drop.
You feel better. The bat hits you.
The sky beast flickers out of sight!
Deactivating autopickup; reactivate with Ctrl-A.
Something hits you. Something shocks you.
* * * LOW HITPOINT WARNING * * *
Something hits you.
* * * LOW HITPOINT WARNING * * *
Something shocks you.
* * * LOW HITPOINT WARNING * * *
Okay, then.
The bat hits you but does no damage.
A sky beast appears from thin air!
Reactivating autopickup.
You closely miss the sky beast.
The sky beast is severely wounded.
You closely miss the bat. The bat hits you but does no damage.
The sky beast closely misses you.
You closely miss the sky beast. Your headbutt misses the sky beast.
The sky beast is severely wounded.
The bat barely misses you.
The sky beast hits you but does no damage.
You closely miss the sky beast. Your headbutt misses the sky beast.
The sky beast is severely wounded.
You closely miss the bat. The bat closely misses you. x2
The sky beast completely misses you. The sky beast hits you.
* * * LOW HITPOINT WARNING * * *
The sky beast shocks you.
You die...

###.#...._....?
......#.....#..
.......#...#...
....>...#.#....
.......~.......
####+##.#.#....#
#.##..b# ..#
#....#####.#####
#.....~.@......#
......
+......Y.......#
......
#..............#
......
+........b.....#
..(...
#...)..........#
.....
#..†############
... #.###
#+#.###.######
#.#..†.......#


You could see a sky beast and a bat.

Vanquished Creatures
  2 adders (D:2)
  3 dart slugs
  A ribbon worm (D:2)
  6 bats
  4 endoplasms
  6 giant cockroaches
  4 hobgoblins
  4 jackals (D:3)
  A quokka (D:3)
  8 ball pythons
  2 frilled lizards
  5 goblins
  7 kobolds
  9 rats
62 creatures vanquished.

Notes
Turn   | Place    | Note
-------+----------+-------------------------------------------
     0 | D:1      | Arcadio the Oni Cinder Acolyte began the quest for the Orb.
     0 | D:1      | Reached XP level 1. HP: 24/24 MP: 2/2
   218 | D:1      | Found a faded altar of an unknown god.
   230 | D:1      | Reached XP level 2. HP: 31/32 MP: 3/3
   497 | D:1      | Reached skill level 1 in Dodging
   580 | D:1      | Reached XP level 3. HP: 37/40 MP: 4/4
  1150 | D:2      | Reached XP level 4. HP: 36/49 MP: 5/5
  1157 | D:2      | Reached skill level 5 in Fighting
  1718 | D:3      | Found a stormy altar of Qazlal.
  1718 | D:3      | Noticed a sky beast
  1743 | D:3      | HP: 2/50 [something (5)]
  1748 | D:3      | HP: 1/50 [sky beast (3)]
  1748 | D:3      | Slain by a sky beast

Illustrated notes

Levels and vault maps discovered:
D:1:      dpeg_arrival_snail, layout_basic, basic_ecumenical_altar,
          minmay_pentomino_q4
D:2:      layout_rooms, minmay_fractal_squares_5
D:3:      layout_basic, nicolae_qazlal_beasts_of_the_sky

Skill      XL: |  1  2  3  4 |
---------------+-------------+-----
Dodging        | 1 |  1.9
Fighting       | 5 |  5.1
Axes           | |  3.8
Spellcasting   | |  1.2
Fire Magic     | |  2.6

Action                     |  1- 3 |  4- 6 || total
---------------------------+-------+-------++-------
  Melee: Hand axe          |   102 |    75 ||   177
         Headbutt          |    11 |     3 ||    14
    Use: Potion            |       |     1 ||     1
 Armour: Robe              |   113 |    82 ||   195
  Dodge: Dodged            |    62 |    55 ||   117

Table legend: (Time is in decaauts)
 A = Elapsed time spent in this place.
 B = Non-inter-level travel time spent in this place.
 C = Inter-level travel time spent in this place.
 D = Time resting spent in this place.
 E = Time spent auto-exploring this place.
 F = Levels seen in this place.
 G = Mean time per level.
                   A        B        C        D        E       F      G
               +--------+--------+--------+--------+--------+-----+--------+
         Total |   1768 |   1748 |     20 |      0 |   1291 |   3 |  589.3 |
       Dungeon |   1768 |   1748 |     20 |      0 |   1291 |   3 |  589.3 |
               +--------+--------+--------+--------+--------+-----+--------+

Top non-repeatable levels by time:
     D:1: 929 daAuts
     D:2: 705 daAuts
     D:3: 133 daAuts
